AoeStats
← Clip it Kidd

Arabia

503373424Analyzed
3v3 RM · 1mo ago on Aug 31, 2026· 37m 7s· 6 players
Game mode
Random Map
Map size
Normal (6 player)
Population
200
Speed
Normal
Resources
Standard
Victory
Conquest
Starting age
Dark Age
Ending age
Imperial Age
RankedLock teamsTeams togetherTeam positionsShared explorationLock speedFull tech treeHidden civsTurbo modeCheats
Victory
Defeat
🇦🇺 Mongols · Australia
891
+16
🇦🇺 Maya · Australia
863
+17
🇦🇺 Spanish · Australia
861
+17
🇩🇪 Franks · Germany
939
-57
🇩🇪 Burgundians · Germany
863
-42
🇩🇪 Britons · Germany
863
-42
Clip it Kidd
10:32 Feudal Age
8:48 Loom
11:35 Double-Bit Axe
15:43 Bloodlines
16:18 Scale Barding Armor
17:20 Forging
19:25 Horse Collar
24:33 Castle Age
23:56 Gold Mining
23:56 Stone Mining
26:08 Chain Barding Armor
28:12 Iron Casting
27:41 Husbandry
29:10 Gold Shaft Mining
29:10 Stone Shaft Mining
30:39 Wheelbarrow
29:49 Town Watch
36:38 Stone Shaft Mining
36:15 Bow Saw
moldymilk95
0:26 Loom
10:57 Feudal Age
11:28 Double-Bit Axe
16:52 Horse Collar
17:10 Fletching
21:54 Castle Age
23:31 Wheelbarrow
22:45 Crossbowman
23:32 Thumb Ring
27:58 Hand Cart
28:00 Bodkin Arrow
31:38 Padded Archer Armor
32:26 Heavy Plow
32:45 Bow Saw
35:19 Ballistics
37:36 Leather Archer Armor
Danye9876
11:30 Feudal Age
12:55 Double-Bit Axe
17:12 Castle Age
18:39 Bow Saw
18:12 Horse Collar
26:35 Wheelbarrow
31:52 Bloodlines
31:44 Husbandry
33:27 Scale Barding Armor
33:34 Forging
33:39 Heavy Plow
33:34 Gold Mining
37:42 Imperial Age
svelehe
17:07 Feudal Age
18:41 Wheelbarrow
17:30 Man-at-Arms
27:17 Double-Bit Axe
38:14 Castle Age
Bafana
3:14 Loom
4:01 Horse Collar
6:13 Wheelbarrow
10:37 Double-Bit Axe
13:29 Stone Mining
15:43 Feudal Age
16:41 Hand Cart
18:44 Heavy Plow
22:05 Town Watch
Nils
11:03 Feudal Age
13:31 Horse Collar
13:40 Double-Bit Axe
25:04 Castle Age
25:28 Light Cavalry
Connection lost

Rejoining the realm…

Still unreachable

The connection could not be restored.

Session expired

The server has moved on; the page needs a fresh start.